 Dungeon Crawl Stone Soup version 0.19-a0-1672-g679cadd (webtiles) character file.

4814 Marenglen the Quickloader (level 10, -3/100 HPs)
             Began as a Kobold Arcane Marksman on Sept 22, 2016.
             Was an Initiate of Fedhas.
             Slain by a crocodile (5 damage)
             ... on level 1 of the Lair of Beasts.
             The game lasted 00:34:11 (10699 turns).

Marenglen the Quickloader (Kobold Arcane Marksman) Turns: 10699, Time: 00:34:11

Health: -3/100     AC: 25    Str: 15    XL:     10   Next: 77%
Magic:  13/13      EV:  3    Int: 18    God:    Fedhas [......]
Gold:   566        SH:  0    Dex: 17    Spells: 3 memorised, 5 levels left

rFire  + . .     SeeInvis .     b - +2 dagger (venom)
rCold  + . .     Gourm    .     (armour currently unavailable)
rNeg   + + +     Faith    .     (shield restricted)
rPois  +         Spirit   .     (helmet currently unavailable)
rElec  +         Dismiss  .     (cloak currently unavailable)
rCorr  +         Reflect  .     (gloves currently unavailable)
MR     +....     Harm     .     (boots currently unavailable)
Stlth  ++........ NoTele   +    (no amulet)
                                o - ring of protection from magic
                                e - +4 ring of intelligence

@: mighty, tree-form, resistant
A: carnivore 3, (fire resistance 0), robust 1, evolution 1
a: Renounce Religion


You were on level 1 of the Lair of Beasts.
You worshipped Fedhas.
Fedhas was noncommittal.
You were very full.
You were a tree.
You visited 2 branches of the dungeon, and saw 11 of its levels.
You also visited: Ossuary.

You collected 566 gold pieces.

Inventory:

Hand Weapons
 a - a +0 hand crossbow of velocity
 b - a +2 dagger of venom (weapon)
Armour
 y - the +2 cloak of Paum (melded) {rF+ rC+ MR+}
   (You found it on level 8 of the Dungeon)

   It protects you from fire.
   It protects you from cold.
   It affects your resistance to hostile enchantments.
 B - a +0 leather armour (melded)
Jewellery
 e - a +4 ring of intelligence (left branch)
 i - an uncursed ring of magical power
 l - an uncursed ring of flight
 o - a ring of protection from magic (right branch)
 w - a +3 ring of strength
Wands
 q - a wand of paralysis (0/24)
 A - a wand of iceblast (0/15)
 D - a wand of flame (29/48)
Scrolls
 p - 6 scrolls of remove curse
 C - a scroll of enchant weapon
Potions
 h - 3 potions of flight
 k - 2 potions of magic
 r - 3 potions of brilliance
 s - a potion of berserk rage
 v - a potion of cancellation
 x - a potion of lignification
Books
 c - a book of Debilitation

   Spells                             Type                      Level
   a - Corona                         Hexes                        1
   b - Slow                           Hexes                        2
   c - Gell's Gravitas                Hexes/Translocation          3
   d - Inner Flame                    Hexes/Fire                   3
   e - Cause Fear                     Hexes                        4
   f - Leda's Liquefaction            Hexes/Earth                  4
Comestibles
 f - 5 meat rations
 j - 2 beef jerkies
 t - 3 slices of pizza
 z - 24 fruits


   Skills:
 - Level 6.7 Fighting
 - Level 8.6 Short Blades
 + Level 11.2 Crossbows
 - Level 5.0 Dodging
 - Level 1.1 Spellcasting
 - Level 5.3 Hexes
 - Level 2.1 Fire Magic
 + Level 4.5 Invocations


You had 5 spell levels left.
You knew the following spells:

 Your Spells              Type           Power        Failure   Level  Hunger
a - Corona                Hex            ###....      1%          1    ##.....
b - Slow                  Hex            ###.....     3%          2    ###....
c - Inner Flame           Hex/Fire       ##......     14%         3    ####...


Dungeon Overview and Level Annotations

Branches:
Dungeon (10/15)              Lair (1/6) D:10
 Temple: D:4-7          Orc: D:9-12

Altars:
Fedhas
Makhleb
Qazlal
Ru
Uskayaw

Shops:
D:10 =

Annotations:
D:10 Snorg


Innate Abilities, Weirdness & Mutations

You are small and have problems with some larger weapons.
You are carnivorous and can eat meat at any time.
((Your flesh is heat resistant. (rF+)))
You are robust. (+10% HP)
You evolve.


Message History

The porcupine bites you but does no damage.
You hit the wraith.
You destroy the wraith!
The crocodile bites you.
* * * LOW HITPOINT WARNING * * *
The crocodile bites you but does no damage.
The porcupine bites you but does no damage.
Press: ? - help, v - describe, . - travel
Here: a porcupine The floor.
You are struck by the porcupine's spines.
* * * LOW HITPOINT WARNING * * *
You closely miss the porcupine.
The fire bat bites you but does no damage.
The crocodile bites you but does no damage.
You are struck by the porcupine's spines.
* * * LOW HITPOINT WARNING * * *
You barely miss the porcupine. The crocodile bites you.
You die...
Fedhas appreciates your contribution to the ecosystem.

........#####...##
###P....## #....#
###....## ##...#
##....## ...$
##....## #.
##....## .
##.(..## ...
##...l####...P.
##..Ft♣.......
##..btr......
#...........
#.#.........
#########... .. .


You could see a spiny frog, 2 crocodiles, a fire bat, an iguana and a porcupine.

Vanquished Creatures
  A troll (D:10)
  A hippogriff (D:8)
  Sigmund (D:2)
  2 wraiths
  2 orc warriors
  An ice beast (D:7)
  2 sky beasts
  4 ogres
  4 centaurs
  2 big kobolds
  8 bullfrogs
  2 scorpions
  4 wights
  3 crimson imps
  2 hounds
  A centaur zombie (D:7)
  6 orc priests
  Crazy Yiuf (D:3)
  2 centaur skeletons (D:3)
  A gnoll shaman (D:10)
  2 human zombies (Ossuary)
  9 orc wizards
  2 worker ants
  A big kobold zombie (Ossuary)
  A hound skeleton (D:4)
  5 mummies (Ossuary)
  A worker ant zombie (D:9)
  8 gnolls
  9 adders
  A howler monkey skeleton (D:9)
  A shadow imp (D:10)
  An ooze (D:2)
  An adder skeleton (D:6)
  2 worms
  A dart slug (D:1)
  6 leopard geckos
  25 orcs
  A ball python (D:3)
  3 giant cockroaches
  15 goblins
  12 hobgoblins
  13 jackals
  16 kobolds
  8 quokkas
  4 bats
  2 frilled lizards
  2 goblin zombies (Ossuary)
  A hobgoblin zombie (Ossuary)
  2 orc zombies (Ossuary)
  4 rats
209 creatures vanquished.

Vanquished Creatures (collateral kills)
  Josephine (D:10)
  A hill giant (D:10)
  A wraith (D:10)
3 creatures vanquished.

Vanquished Creatures (others)
  A wandering mushroom (D:10)
  3 plants (D:10)
  28 toadstools
32 creatures vanquished.

Grand Total: 244 creatures vanquished

Notes
Turn   | Place    | Note
-------+----------+-------------------------------------------
     0 | D:1      | Marenglen the Kobold Arcane Marksman began the quest for the Orb.
     0 | D:1      | Reached XP level 1. HP: 12/12 MP: 2/2
   160 | D:1      | Reached XP level 2. HP: 16/16 MP: 3/3
   604 | D:1      | Reached skill level 3 in Crossbows
   768 | D:1      | Reached XP level 3. HP: 18/20 MP: 4/4
   793 | D:1      | Learned a level 2 spell: Slow
  1624 | D:1      | Reached skill level 1 in Short Blades
  1973 | D:2      | Reached XP level 4. HP: 20/25 MP: 5/5
  1999 | D:2      | Found a stormy altar of Qazlal.
  2023 | D:2      | Noticed Sigmund
  2034 | D:2      | Killed Sigmund
  2034 | D:2      | Reached skill level 4 in Crossbows
  2034 | D:2      | Reached XP level 5. HP: 14/29 MP: 2/6
  2034 | D:2      | Reached XP level 6. HP: 17/34 MP: 2/7
  2637 | D:2      | Found a hide-covered altar of Uskayaw.
  3251 | D:3      | Noticed a sky beast
  3271 | D:3      | Killed a sky beast
  3271 | D:3      | Reached skill level 5 in Crossbows
  3415 | D:3      | Found a runed door.
  3423 | D:3      | Learned a level 3 spell: Inner Flame
  3423 | D:3      | Noticed Crazy Yiuf
  3439 | D:3      | Killed Crazy Yiuf
  3582 | D:3      | Reached XP level 7. HP: 38/38 MP: 8/8
  3639 | D:3      | Reached skill level 5 in Hexes
  4371 | D:4      | Reached skill level 5 in Dodging
  4463 | D:4      | Reached skill level 6 in Crossbows
  4479 | D:4      | Found a sand-covered staircase.
  4531 | Ossuary  | Entered an ossuary
  4558 | Ossuary  | Reached skill level 1 in Fire Magic
  5103 | Ossuary  | Reached XP level 8. HP: 23/43 MP: 7/9
  5960 | D:5      | Entered Level 5 of the Dungeon
  6043 | D:5      | Reached skill level 7 in Crossbows
  7053 | D:6      | Reached skill level 8 in Crossbows
  7142 | D:6      | Found a burning altar of Makhleb.
  7225 | D:6      | Reached skill level 5 in Short Blades
  7225 | D:6      | Reached XP level 9. HP: 19/51 MP: 7/10
  7631 | D:6      | Found a blossoming altar of Fedhas.
  7666 | D:6      | Became a worshipper of Fedhas Madash
  8145 | D:7      | Reached skill level 5 in Fighting
  8145 | D:7      | Reached skill level 9 in Crossbows
  8221 | D:7      | Found a sacrificial altar of Ru.
  8376 | D:8      | Got a distressingly furry cloak
  8387 | D:8      | Identified the +2 cloak of Paum {rF+ rC+ MR+} (You found it on level 8 of the Dungeon)
  8499 | D:8      | Noticed a hippogriff
  8524 | D:8      | Killed a hippogriff
  8952 | D:9      | Reached XP level 10. HP: 51/60 MP: 6/11
  9498 | D:10     | Entered Level 10 of the Dungeon
  9535 | D:9      | Reached skill level 10 in Crossbows
 10027 | D:10     | Reached * piety under Fedhas
 10133 | D:10     | Found a staircase to the Lair.
 10200 | D:10     | Reached skill level 1 in Invocations
 10408 | D:10     | Found Juqoclu's Jewellery Shop.
 10518 | D:10     | Noticed Snorg
 10605 | D:10     | Noticed Josephine
 10620 | D:10     | Killed Josephine
 10624 | D:10     | Reached skill level 11 in Crossbows
 10651 | D:10     | Noticed a hill giant
 10656 | D:10     | Killed a hill giant
 10659 | Lair:1   | Entered Level 1 of the Lair of Beasts
 10664 | Lair:1   | Noticed a spiny frog
 10689 | Lair:1   | Gained mutation: Your flesh is heat resistant. (rF+) [potion of mutation]
 10689 | Lair:1   | Gained mutation: You evolve. [potion of mutation]
 10689 | Lair:1   | Gained mutation: You are robust. (+10% HP) [potion of mutation]
 10699 | Lair:1   | HP: 2/100 [porcupine's spines (8)]
 10699 | Lair:1   | Slain by a crocodile

Vault maps used:
D:1:      erik_arrival_blinker_ship, minmay_misc_feat_doors
D:2:      marbit_many_paths, lemuel_crystal_altar, uniq_sigmund
D:3:      uniq_crazy_yiuf_cottage
D:4:      corexii_shantytown, enter_ossuary_5
D:5:      lemuel_coloured_pillars_altar, first_bread
D:6:      basic_altar, fedhas_altar_1
D:7:      nicolae_ru_awakened_eye
D:9:      blue_anna_alchemist
D:10:     dpeg_oklobed_lair, serial_shops, shop_coins, eino_tiny_chamber,
          tgw_xom, uniq_josephine, uniq_snorg
Lair:1:   nicolae_volcano_entry_batcave, lemuel_fruit_fields
Ossuary:  ossuary_crypta

Skill      XL: |  1  2  3  4  5  6  7  8  9 10 |
---------------+-------------------------------+-----
Crossbows      | 3 4 5 6 8 9 11 | 11.2
Short Blades   | 1 5 7 8 |  8.6
Dodging        | 3 4 5 |  5.0
Hexes          | 4 5 |  5.3
Fire Magic     | 2 |  2.1
Fighting       | 3 5 6 |  6.7
Invocations    | 4 |  4.5
Spellcasting   | |  1.1

Action                   |  1- 3 |  4- 6 |  7- 9 | 10-12 || total
-------------------------+-------+-------+-------+-------++-------
Melee: Club              |     6 |       |       |       ||     6
       Dagger            |   141 |    70 |   412 |   134 ||   757
 Fire: Hand crossbow     |    18 |    17 |   161 |    69 ||   265
 Cast: Corona            |     4 |     5 |    14 |     1 ||    24
       Slow              |       |     3 |    12 |    20 ||    35
       Inner Flame       |       |       |     7 |     4 ||    11
Invok: Evolution         |       |       |       |     2 ||     2
Evoke: Wand              |       |       |    16 |     2 ||    18
  Use: Scroll            |       |     6 |    13 |     3 ||    22
       Potion            |       |       |       |    10 ||    10
 Stab: Sleeping          |     2 |     1 |     5 |       ||     8
       Paralysed         |       |       |    14 |       ||    14
  Eat: Chunk             |    12 |     5 |    20 |     7 ||    44
Armor: Robe              |    21 |     7 |    30 |       ||    58
       Leather armour    |       |       |     7 |    21 ||    28
       Skin              |       |       |       |    26 ||    26
Dodge: Dodged            |   102 |    41 |   318 |   108 ||   569
